 Dungeon Crawl Stone Soup version 0.30-a0-23-ge60ba3568b (webtiles) character file.

Game seed: 3222548630267855917

4336 siradein the Grappler (level 10, 0/150 (153) HPs)
             Began as a Troll Cinder Acolyte on Aug 25, 2022.
             Was a High Priest of Ignis.
             Slain by Erica
             ... wielding a +3 scimitar of flaming
              (12 damage)
             ... on level 8 of the Dungeon.
             The game lasted 00:18:27 (6839 turns).

siradein the Grappler (Troll Cinder Acolyte)        Turns: 6839, Time: 00:18:27

HP:   0/150 (153)   AC:  8    Str: 30    XL:     10   Next: 12%
MP:   10/10         EV:  9    Int: 10    God:    Ignis [*****.]
Gold: 438           SH:  0    Dex:  9    Spells: 11/11 levels left

rFire   + + .      SeeInvis .      - Unarmed
rCold   . . .      Faith    .    (no shield)
rNeg    + + .      Spirit   .    J - +0 steam dragon scales
rPois   +          Reflect  .    (helmet restricted)
rElec   .          Harm     .    y - +0 cloak of Apsolaer {Drain rPois rF+ rN++}
rCorr   +          Rampage  .    (gloves unavailable)
Will    .....                    (boots unavailable)
Stlth   ..........               (no amulet)
HPRegen 1.15/turn                q - ring of resist corrosion
MPRegen 0.12/turn                e - +6 ring of strength

@: confused, berserking, lightly drained, very quick
A: large, unfitting armour, claws 3, regeneration 1, shaggy fur 1, tough skin 1
a: Renounce Religion, Fiery Armour, Foxfire Swarm, Rising Flame


You were on level 8 of the Dungeon.
You worshipped Ignis.
Ignis was extremely pleased with you.
You visited 2 branches of the dungeon, and saw 9 of its levels.
You also visited: Ossuary.

You collected 438 gold pieces.

Inventory:

Hand Weapons
 G - a +0 sling of freezing
Missiles
 g - 87 stones (quivered)
 r - 4 javelins
 K - a throwing net
Armour
 y - the +0 cloak of Apsolaer (worn) {Drain rPois rF+ rN++}
   (You found it on level 7 of the Dungeon)

   rF:        It protects you from fire.
   rPois:     It protects you from poison.
   rN:        It greatly protects you from negative energy.
   Drain:     It drains your maximum health when unequipped.
 J - +0 steam dragon scales (worn)
Jewellery
 e - a +6 ring of strength (right claw)
 n - a ring of protection from fire
 q - a ring of resist corrosion (left claw)
 D - a ring of wizardry
Wands
 l - a wand of quicksilver (3)
 t - a wand of mindburst (6)
 u - a wand of iceblast (12)
 B - a wand of flame (26)
 E - a wand of digging (3)
 F - a wand of charming (6)
Scrolls
 a - a scroll of blinking
 b - 3 scrolls of fog
 d - 4 scrolls of enchant weapon
 f - 3 scrolls of teleportation
 h - a scroll of silence
 j - 2 scrolls of poison
 k - 7 scrolls of fear
 p - a scroll of amnesia
 v - a scroll of enchant armour
 H - a scroll of summoning {unknown}
 I - a scroll of identify
Potions
 c - a potion of resistance {unknown}
 i - a potion of berserk rage
 m - 5 potions of lignification
 o - 2 potions of curing {unknown}
 s - a potion of attraction {unknown}
 w - a potion of mutation {unknown}
 x - 2 potions of invisibility {unknown}
 z - a potion of ambrosia {unknown}
 A - 3 potions of heal wounds {unknown}
 C - a potion of brilliance


   Skills:
 + Level 7.5 Fighting
 + Level 7.4 Throwing
 + Level 1.7 Dodging
 + Level 9.1 Unarmed Combat
 - Level 1.0 Spellcasting
 - Level 2.1 Fire Magic


You had 11 spell levels left.
You didn't know any spells.
Your spell library contained the following spells:

 Spells                   Type           Power      Damage    Failure   Level
 Scorch                   Fire           8%         2d5       22%         2
 Static Discharge         Conj/Air       0%         3-3/arc   45%         2
 Conjure Flame            Conj/Fire      2%         6-21      54%         3
 Ignite Poison            Fire/Tmut/Pois 1%         N/A       61%         3
 Sticky Flame             Conj/Fire      2%         2d3       91%         4
 Anguish                  Hex/Necr       0%         N/A       98%         4
 Animate Armour           Summ/Erth      0%         N/A       98%         4
 Cause Fear               Hex            0%         N/A       98%         4
 Corpse Rot               Necr/Pois/Air  0%         N/A       98%         4
 Dispel Undead            Necr           0%         3d6       98%         4
 Leda's Liquefaction      Hex/Erth       0%         N/A       98%         4
 Alistair's Intoxication  Tmut/Pois      0%         N/A       100%        5
 Blade Hands              Tmut           0%         N/A       100%        5
 Lightning Bolt           Conj/Air       0%         1d11      100%        5
 Death Channel            Necr           0%         N/A       100%        6
 Iron Shot                Conj/Erth      0%         9d1       100%        6
 Maxwell's Capacitive Co  Air            0%         ∞         100%        8


Dungeon Overview and Level Annotations

Branches:
Dungeon (8/15)             Temple (1/1) D:4         Ossuary (visited)
   Lair: D:8-11

Altars:
Ashenzari
Cheibriados
Dithmenos
Elyvilon
Fedhas
Gozag
Hepliaklqana
Kikubaaqudgha
Makhleb
Nemelex Xobeh
Okawaru
Qazlal
Ru
Sif Muna
Trog
Uskayaw
Vehumet
Wu Jian
Xom
Yredelemnul
Zin
The Shining One

Shops:
D:5 (

Portals:
Abyss: D:6

Annotations:
D:6 2 transporters, purpskrrrp's ghost, novice NaVM
D:8 Erica


Innate Abilities, Weirdness & Mutations

You are too large for most types of armour.
You have claws for hands.
Your natural rate of healing is unusually fast.
You are covered in fur. (AC +1)
You have tough skin. (AC +1)


Message History

Erica mumbles some strange words.
Erica flickers and vanishes!
Deactivating autopickup; reactivate with Ctrl-A.
You bump into the rock wall.
You feel sick. Something hits you!
You feel sick.
You hear some strange, mumbled words.
You are more confused.
You feel sick.
You bump into the rock wall.
You feel sick. Something hits you! Something burns you.
You barely miss the wight.
The wight is heavily damaged.
You feel sick.
You are no longer poisoned.
You hear a zap.
Something tries to affect you, but you resist.
The wight hits you with a +0 scimitar. You partially resist.
You feel drained.
Unknown command.
You bump into the rock wall.
Something hits you!
* * * LOW HITPOINT WARNING * * *
Something burns you.
* * * LOW HITPOINT WARNING * * *
The wight barely misses you.
You bump into the rock wall.
Something hits you!
* * * LOW HITPOINT WARNING * * *
The wight hits you with a +0 scimitar!
* * * LOW HITPOINT WARNING * * *
A red film seems to cover your vision as you go berserk!
You feel yourself moving faster!
You feel mighty!
You hear some strange, mumbled words.
A bolt of poison appears from out of thin air!
The bolt of poison hits you! You resist.
* * * LOW HITPOINT WARNING * * *
The wight hits you with a +0 scimitar.
* * * LOW HITPOINT WARNING * * *
You partially resist.
You claw the wight!
You destroy the wight!
You barely miss something. Something hits you!
You die...

### ############ #.. ........{@.#
#.# ########)### #.# #...# #.#
#...###### #.# #......<.#
#.###########........############
........(...'........'...........
#.###.#######........############
#.....# #.........)# #########


There were no monsters in sight!

Vanquished Creatures
  Maurice (D:8)
  Maggie (D:8)
  Grinder (D:3)
  Sigmund (D:2)
  Eustachio (D:6)
  Menkaure (D:7)
  A water moccasin (D:7)
  An orc warrior (D:8)
  2 black bears
  A sky beast (D:7)
  2 ogres
  2 elf zombies (Ossuary)
  A phantom (D:5)
  2 bullfrogs
  3 necrophages
  5 scorpions
  3 wights (D:8)
  3 killer bees (D:7)
  3 howler monkeys (D:7)
  4 centaur zombies (Ossuary)
  3 jellies
  4 hounds
  A human zombie (Ossuary)
  3 orc priests
  3 gnoll boudas
  4 iguanas
  6 orc wizards
  2 mummies (Ossuary)
  20 gnolls
  12 adders
  A white imp (D:5)
  3 ufetubi
  An adder zombie (Ossuary)
  4 dart slugs
  11 orcs
  3 endoplasms
  A giant cockroach (D:1)
  5 goblins
  8 hobgoblins
  4 quokkas
  10 ball pythons
  6 bats
  2 frilled lizards (D:1)
  A goblin zombie (Ossuary)
  4 hobgoblin zombies (Ossuary)
  A jackal zombie (Ossuary)
  4 kobolds
  9 kobold zombies (Ossuary)
  13 orc zombies (Ossuary)
  3 rats
  A rat zombie (Ossuary)
192 creatures vanquished.

Vanquished Creatures (others)
  A ball python (D:2)
1 creature vanquished.

Grand Total: 193 creatures vanquished

Notes
Turn   | Place    | Note
-------+----------+-------------------------------------------
     0 | D:1      | siradein the Troll Cinder Acolyte began the quest for the
                  | Orb.
     0 | D:1      | Reached XP level 1. HP: 22/22 MP: 1/1
   293 | D:1      | Reached XP level 2. HP: 29/29 MP: 2/2
  1075 | D:2      | Noticed Sigmund
  1090 | D:1      | Reached XP level 3. HP: 22/36 MP: 3/3
  1178 | D:2      | Killed Sigmund
  1179 | D:2      | Reached skill level 4 in Unarmed Combat
  1179 | D:2      | Reached XP level 4. HP: 48/48 MP: 4/4
  1179 | D:2      | Reached XP level 5. HP: 54/54 MP: 5/5
  1633 | D:3      | Noticed Grinder
  1642 | D:3      | Paralysed by Grinder for 4 turns
  1660 | D:3      | Killed Grinder
  1661 | D:3      | Reached skill level 5 in Unarmed Combat
  1661 | D:3      | Reached XP level 6. HP: 21/62 MP: 6/6
  2383 | D:4      | Reached XP level 7. HP: 71/71 MP: 7/7
  2709 | D:4      | Found a glowing golden altar of the Shining One.
  2820 | D:4      | Found a staircase to the Ecumenical Temple.
  2848 | Temple   | Entered the Ecumenical Temple
  3147 | D:5      | Entered Level 5 of the Dungeon
  3232 | D:5      | Reached skill level 5 in Fighting
  3232 | D:5      | Reached skill level 6 in Unarmed Combat
  3307 | D:5      | Found Ijoraonn's Weapon Shop.
  3312 | D:5      | Reached XP level 8. HP: 77/80 MP: 8/8
  3661 | D:5      | Found a sand-covered staircase.
  3693 | Ossuary  | Entered an ossuary
  3821 | Ossuary  | Reached skill level 5 in Throwing
  3905 | Ossuary  | Reached skill level 7 in Unarmed Combat
  4336 | D:6      | Noticed Eustachio
  4382 | D:6      | Killed Eustachio
  4383 | D:6      | Reached XP level 9. HP: 58/89 MP: 9/9
  4454 | D:6      | Found a transporter.
  4489 | D:6      | Found a transporter.
  4742 | D:6      | Noticed purpskrrrp's ghost (novice NaVM)
  4754 | D:6      | Found a one-way gate to the infinite horrors of the Abyss.
  4988 | D:7      | Reached skill level 8 in Unarmed Combat
  5029 | D:7      | Noticed Menkaure
  5037 | D:7      | Killed Menkaure
  5153 | D:7      | Identified the +0 cloak of Apsolaer {Drain rPois rF+ rN++}
  6320 | D:8      | Noticed Maggie
  6330 | D:8      | Killed Maggie
  6331 | D:8      | Reached skill level 1 in Dodging
  6585 | D:8      | Noticed Maurice
  6599 | D:8      | Reached XP level 10. HP: 87/102 MP: 10/10
  6623 | D:8      | Killed Maurice
  6624 | D:8      | Reached skill level 9 in Unarmed Combat
  6715 | D:6      | Got the Compilation of Bewitching Contamination
  6811 | D:8      | Noticed Erica
  6839 | D:8      | Slain by Erica

Illustrated notes

Levels and vault maps discovered:
D:1:      dpeg_arrival_short_road, layout_loops_corners, kennysheep_minor_cross,
          chequers_garden
D:2:      layout_rooms, feat_on_display, uniq_sigmund
D:3:      layout_loops_cross, uniq_grinder
D:4:      layout_basic, nicolae_tso_swordbearing_angel,
          minmay_temple_entry_large_hall
D:5:      layout_loops_ring, nicolae_ossuary_entry_monument, serial_shops,
          nicolae_square_shop
D:6:      layout_cave_pools, gammafunk_ghost_abyssal_escape,
          due_unseen_surprise, uniq_eustachio
D:7:      layout_layer_cave, nicolae_concentric_dashed_squares_mild,
          uniq_menkaure
D:8:      layout_basic, uniq_erica, uniq_maurice, uniq_maggie
Temple:   compressed_dpeg_triangle_lava_temple

Skill      XL: |  1  2  3  4  5  6  7  8  9 10 |
---------------+-------------------------------+-----
Fighting       | 3 4 5 6 7 |  7.5
Throwing       | 2 3 4 5 7 |  7.4
Unarmed Combat | 4 5 6 7 8 9 |  9.1
Dodging        | 1 |  1.7
Spellcasting   | |  1.0
Fire Magic     | |  2.1

Action                   |  1- 3 |  4- 6 |  7- 9 | 10-12 || total
-------------------------+-------+-------+-------+-------++-------
Melee: Unarmed           |    79 |    79 |   402 |    21 ||   581
       Punch             |       |       |    12 |       ||    12
 Fire: Sling             |       |       |     4 |       ||     4
Throw: Throwing net      |       |       |       |     1 ||     1
Invok: Fiery Armour      |       |     1 |       |       ||     1
Evoke: Wand              |       |       |       |     7 ||     7
  Use: Scroll            |       |     8 |     5 |       ||    13
       Potion            |       |       |       |     1 ||     1
Armor: Robe              |    40 |    19 |   119 |       ||   178
       Steam dragon scal |       |       |     2 |       ||     2
Dodge: Dodged            |    67 |    35 |   151 |     6 ||   259

Table legend: (Time is in decaauts)
 A = Elapsed time spent in this place.
 B = Non-inter-level travel time spent in this place.
 C = Inter-level travel time spent in this place.
 D = Time resting spent in this place.
 E = Time spent auto-exploring this place.
 F = Levels seen in this place.
 G = Mean time per level.
                   A        B        C        D        E       F      G
               +--------+--------+--------+--------+--------+-----+--------+
         Total |   6771 |   6491 |    280 |    164 |   4897 |  10 |  677.1 |
       Dungeon |   6218 |   5955 |    263 |    164 |   4539 |   8 |  777.2 |
        Temple |    265 |    248 |     17 |      0 |    229 |   1 |  265.0 |
       Ossuary |    286 |    286 |      0 |      0 |    129 |   1 |  286.0 |
               +--------+--------+--------+--------+--------+-----+--------+

Top non-repeatable levels by time:
     D:7: 1186 daAuts
     D:1: 1140 daAuts
     D:6: 789 daAuts
     D:3: 713 daAuts
     D:5: 707 daAuts
     D:8: 669 daAuts
     D:4: 568 daAuts
     D:2: 443 daAuts
 Ossuary: 286 daAuts
  Temple: 265 daAuts
